 Dungeon Crawl Stone Soup version 0.32-a0-43-g058985b245 (webtiles) character file.

Game seed: 941434725076516932

818 PriceMaster the Firebug (level 7, -8/42 HPs)
             Began as an Octopode Fire Elementalist on Feb 4, 2024.
             Killed by an exploding hound (48 damage)
             ... ignited by their inner flame
             ... on level 6 of the Dungeon.
             The game lasted 00:09:25 (4714 turns).

PriceMaster the Firebug (OpFE)                      Turns: 4714, Time: 00:09:25

Health: -8/42      AC:  1    Str:  7    XL:     7   Next: 94%
Magic:  5/14       EV: 14    Int: 19    God:
Gold:   147        SH:  5    Dex: 13    Spells: 9/15 levels left

rFire   . . .        c - +1 short sword (freeze)
rCold   . . .        (no shield)
rNeg    . . .        (helmet currently unavailable)
rPois   .            j - amulet of reflection
rElec   .            (no ring)
rCorr   .            (no ring)
SInv    .            (no ring)
Will    .....        (no ring)
Stlth   +++          (no ring)
HPRegen 0.27/turn    (no ring)
MPRegen 0.14/turn    (no ring)
                     (no ring)

%: reflection
@: beast-form, very slightly contaminated
A: beast (slay +0), almost no armour, amphibious, 8 rings, camouflage 1,
gelatinous body 1, (nimble swimmer 1), tentacles
a: Begin Untransformation


You were on level 6 of the Dungeon.
You were a hulking beast.
You visited 1 branch of the dungeon, and saw 5 of its levels.

You collected 147 gold pieces.

Inventory:

Hand Weapons
 b - a +1 short sword
 c - a +1 short sword of freezing (weapon)
Magical Staves
 a - a staff of air
 f - a staff of death
Jewellery
 d - an amulet of regeneration
 j - an amulet of reflection (around mantle)
Talismans
 n - a beast talisman (active)
Scrolls
 g - a scroll of identify
Potions
 e - 2 potions of curing


   Skills:
 + Level 0.8 Fighting
 + Level 2.1 Short Blades
 + Level 3.2 Dodging
 + Level 3.9 Stealth
 + Level 1.1 Shields
 + Level 4.8 Spellcasting
 + Level 2.0 Conjurations
 + Level 0.3 Hexes
 * Level 5.6 Fire Magic
 + Level 1.0 Shapeshifting


You had 9 spell levels left.
You knew the following spells:

 Your Spells              Type           Power      Damage    Failure   Level
a - Foxfire               Conj/Fire      76%        2x1d7     2%          1
b - Scorch                Fire           50%        2d7       1%          2
c - Inner Flame           Hex/Fire       15%        N/A       11%         3

Your spell library contained the following spells:

 Spells                   Type           Power      Damage    Failure   Level
 Volatile Blastmotes      Fire/Tloc      30%        2d12      12%         3
 Flame Wave               Conj/Fire      19%        2d7       26%         4


Dungeon Overview and Level Annotations

Branches:
Dungeon (6/15)
 Temple: D:4-7

Altars:
Yredelemnul

Shops:
D:1 [

Annotations:
D:6 3 runed translucent doors, asd2613's ghost, novice DsFi


Innate Abilities, Weirdness & Mutations

You are a hulking beast.
Your limbs bulge with bestial killing power. (Slay +0)
You cannot wear most types of armour.
You are amphibious.
You can wear up to eight rings at the same time.
Your skin changes colour to match your surroundings (Stealth+).
Your rubbery body absorbs attacks. (AC +1, EV +1)
((You are camouflaged when in or above water. (Stealth+)))
You have tentacles for arms and can constrict up to eight enemies at once.


Message History

The orc shouts!
Casting: Foxfire (safe; 2% risk of failure)
Confirm with . or Enter, or press ? or * to list all spells.
Flames lash the orc.
You kill the orc!
You start resting.
Your foxfire dissipates!
You start resting.
A hound comes into view.
Casting: Scorch (safe; 1% risk of failure)
Confirm with . or Enter, or press ? or * to list all spells.
Aiming: Inner Flame (dangerous; 11% risk of failure)
Press: ? - help, Dir - move target, f - hound
Aim: a hound (wandering, hasn't noticed you, chance to affect: 76%)
You miscast Inner Flame.
You are very lightly contaminated with residual magic.
Nothing appears to happen.
The hound barks!
Casting: Inner Flame (dangerous; 11% risk of failure)
Confirm with . or Enter, or press ? or * to list all spells.
You conjure some foxfire!
Casting: Foxfire (safe; 2% risk of failure)
Confirm with . or Enter, or press ? or * to list all spells.
Aiming: Inner Flame (dangerous; 11% risk of failure)
Press: ? - help, Dir - move target, f/p - hound
Aim: a hound (ally target, chance to affect: 76%)
The hound is filled with an inner flame.
The foxfire hits the hound.
Flame seeps out of the hound.
The hound is moderately wounded.
The hound is engulfed in blazing flames.
Flame seeps out of the hound.
Casting: Inner Flame (dangerous; 11% risk of failure)
Confirm with . or Enter, or press ? or * to list all spells.
You conjure some foxfire!
The foxfire hits the hound.
The hound explodes!
The fiery explosion engulfs your foxfire.
Your foxfire completely resists.
The fiery explosion engulfs you!!!
Ouch! That really hurt!
You die...

.# #.# #######
.#########.######....[#
......................#
......................#
............○.§.#.....#
.######...............
.# #.<.....§#§.#### .#
#.##..#.§§v.# .#
#.....§..#h## .#
####..####v#######.
#...............
#.####$#.##.###
#........# ######.###
#.# #.. ###


There were no monsters in sight!

Vanquished Creatures
  A yak (D:5)
  A black bear (D:5)
  A centaur (D:6)
  A weeping skull (D:6)
  A scorpion (D:6)
  A howler monkey (D:6)
  3 hounds (D:6)
  A sleepcap (D:6)
  An iguana (D:6)
  Natasha (thrice) (D:2)
  3 orc wizards (D:6)
  A gnoll (D:1)
  A dart slug (D:1)
  5 orcs (D:6)
  4 endoplasms
  12 giant cockroaches (D:2)
  4 goblins
  6 hobgoblins
  2 jackals (D:1)
  7 kobolds
  2 quokkas
  5 ball pythons
  3 bats
  5 frilled lizards
  3 rats
  A spectral orc (D:6)
78 creatures vanquished.

Vanquished Creatures (others)
  92 foxfires
92 creatures vanquished.

Grand Total: 170 creatures vanquished

Notes
Turn   | Place    | Note
-------+----------+-------------------------------------------
     0 | D:1      | PriceMaster the Octopode Fire Elementalist began the quest
                  | for the Orb.
     0 | D:1      | Reached XP level 1. HP: 11/11 MP: 3/3
   175 | D:1      | Reached XP level 2. HP: 14/17 MP: 5/5
   178 | D:1      | Learned a level 2 spell: Scorch
   357 | D:1      | Reached XP level 3. HP: 6/21 MP: 0/6
   919 | D:1      | Found Wiolochu's Antique Armour Shoppe.
  1649 | D:2      | Reached XP level 4. HP: 24/27 MP: 4/7
  2216 | D:2      | Noticed Natasha
  2227 | D:2      | Killed Natasha
  2228 | D:2      | Reached skill level 4 in Fire Magic
  3439 | D:2      | Noticed Natasha
  3446 | D:2      | Killed Natasha
  3447 | D:2      | Reached XP level 5. HP: 31/31 MP: 4/9
  3611 | D:2      | Noticed Natasha
  3615 | D:2      | Killed Natasha
  3620 | D:2      | Learned a level 3 spell: Inner Flame
  3660 | D:3      | You fall into a shaft and drop 3 floors!
  3677 | D:6      | Found a runed translucent gate.
  3677 | D:6      | Found a runed translucent gate.
  3678 | D:6      | Found a runed translucent gate.
  3680 | D:6      | Noticed asd2613's ghost (novice DsFi)
  3683 | D:6      | Identified the +8 chain mail "Ipnemo" {rElec Str+6 Dex-2
                  | Stlth+}
  3683 | D:6      | Noticed an orc warrior
  3683 | D:6      | Noticed an orc warrior
  3781 | D:6      | Reached XP level 6. HP: 29/36 MP: 1/11
  3791 | D:6      | Reached skill level 1 in Short Blades
  3995 | D:5      | Entered Level 5 of the Dungeon
  3995 | D:5      | Noticed a yak
  3995 | D:5      | Noticed a yak
  3995 | D:5      | Noticed a yak
  3995 | D:5      | Noticed a yak
  3995 | D:5      | Noticed a yak
  4030 | D:5      | Noticed a black bear
  4033 | D:5      | Killed a black bear
  4136 | D:5      | Killed a yak
  4137 | D:5      | Reached skill level 5 in Fire Magic
  4137 | D:5      | Reached XP level 7. HP: 40/42 MP: 1/13
  4283 | D:6      | Found a basalt altar of Yredelemnul.
  4492 | D:6      | Reached skill level 1 in Shields
  4595 | D:6      | Reached skill level 1 in Shapeshifting
  4714 | D:6      | Killed by an exploding hound... ignited by their inner
                  | flame

Illustrated notes

Levels and vault maps discovered:
D:1:      minmay_arrival_up_and_down, layout_loops_corners, serial_shops,
          nicolae_shop_crystal, minmay_misc_feat_diagonals,
          chequers_serial_rivers_large_a
D:2:      minmay_roachtagon, layout_basic, nicolae_elevator_lobby_plus,
          uniq_natasha
D:3:      layout_basic, serial_shops, nicolae_shop_back_alley_shop, shop, shop,
          uniq_grinder
D:5:      layout_loops_cross, mainiacjoe_sewer_entry_somewhere_in_here_1
D:6:      layout_loops_cross, yredelemnul_forgotten_temple_becter,
          biasface_ghost_orc_armoury

Skill      XL: |  1  2  3  4  5  6  7 |
---------------+----------------------+-----
Stealth        | 3 |  3.9
Fire Magic     | 4 5 |  5.6
Spellcasting   | 3 4 |  4.8
Short Blades   | 1 2 |  2.1
Dodging        | 3 |  3.2
Shields        | 1 |  1.1
Conjurations   | 2 |  2.0
Shapeshifting  | 1 |  1.0
Fighting       | |  0.8
Hexes          | |  0.3

Action                     |  1- 3 |  4- 6 |  7- 9 || total
---------------------------+-------+-------+-------++-------
  Melee: Unarmed           |     7 |       |       ||     7
         Short sword       |    35 |    58 |     8 ||   101
         Constrict         |    13 |    10 |     2 ||    25
         Tentacles         |     6 |    10 |     2 ||    18
         Punch             |       |     1 |     1 ||     2
   Cast: Foxfire           |    23 |    24 |    16 ||    63
         Scorch            |     6 |     9 |     4 ||    19
         Inner Flame       |       |     2 |     5 ||     7
    Use: Potion            |     1 |     4 |     4 ||     9
         Scroll            |       |    12 |     1 ||    13
   Stab: Sleeping          |     7 |     3 |       ||    10
 Armour: Skin              |    18 |    42 |    15 ||    75
  Dodge: Dodged            |    37 |    23 |    18 ||    78
  Block: Other             |     6 |    10 |     4 ||    20
   Form: Beast             |     1 |       |       ||     1

Table legend: (Time is in decaauts)
 A = Elapsed time spent in this place.
 B = Non-inter-level travel time spent in this place.
 C = Inter-level travel time spent in this place.
 D = Time resting spent in this place.
 E = Time spent auto-exploring this place.
 F = Levels seen in this place.
 G = Mean time per level.
                   A        B        C        D        E       F      G
               +--------+--------+--------+--------+--------+-----+--------+
         Total |   4709 |   4313 |    396 |   1415 |   1938 |   5 |  941.8 |
       Dungeon |   4709 |   4313 |    396 |   1415 |   1938 |   5 |  941.8 |
               +--------+--------+--------+--------+--------+-----+--------+

Top non-repeatable levels by time:
     D:2: 2405 daAuts
     D:1: 1221 daAuts
     D:6: 866 daAuts
     D:5: 184 daAuts
     D:3: 31 daAuts
